 Dungeon Crawl Stone Soup version 0.21-a0-515-g8d4ebbe138 (webtiles) character file.

31 Iskender the Sneak (level 3, 14/28 HPs)
             Began as a Gnoll Wanderer on Dec 3, 2017.
             Quit the game on level 1 of the Dungeon.
             The game lasted 00:03:17 (717 turns).

Iskender the Sneak (Gnoll Wanderer)                  Turns: 717, Time: 00:03:18

Health: 14/28      AC:  3    Str: 14    XL:     3   Next: 22%
Magic:  4/4        EV: 11    Int: 12    God:
Gold:   26         SH:  0    Dex: 17    Spells: 3/3 levels left

rFire    . . .     SeeInvis .     - Unarmed
rCold    . . .     Gourm    .   (no shield)
rNeg     . . .     Faith    .   j - +0 leather armour
rPois    .         Spirit   .   (no helmet)
rElec    .         Reflect  .   (no cloak)
rCorr    .         Harm     .   (no gloves)
MR       +....                  (no boots)
Stlth    +++.......             (no amulet)
HPRegen  0.09/turn              h - ring of protection from magic
MPRegen  0.09/turn              (no ring)

@: no status effects
A: distributed training, fangs 1, strong nose
a: no special abilities


You were on level 1 of the Dungeon.
You were not hungry.

You visited 1 branch of the dungeon, and saw 1 of its levels.

You collected 26 gold pieces.

Inventory:

Hand Weapons
 a - a +2 dagger
 n - a +0 mace
Missiles
 g - 35 stones (quivered)
 i - 13 sling bullets
 p - 20 bolts
Armour
 e - a +0 robe
 j - a +0 leather armour (worn)
Jewellery
 h - a ring of protection from magic (left hand)
Scrolls
 l - a scroll of identify {unknown}
 m - a scroll of remove curse {unknown}
Potions
 b - a potion of berserk rage
 d - a potion of lignification
Books
 c - Akenkub's Compendium of Shape Shifting

   Spells                             Type                      Level
   a - Sticks to Snakes               Transmutation                2
   b - Passwall                       Transmutation/Earth          2
Comestibles
 f - 2 bread rations
 k - a royal jelly


   Skills:
 + Level 2.5 Fighting
 + Level 0.6 Short Blades
 + Level 0.6 Long Blades
 + Level 0.6 Axes
 + Level 0.6 Maces & Flails
 + Level 0.6 Polearms
 + Level 0.6 Staves
 + Level 0.6 Slings
 + Level 0.6 Bows
 + Level 0.6 Crossbows
 + Level 0.6 Throwing
 + Level 0.6 Armour
 + Level 0.6 Dodging
 + Level 5.9 Stealth
 + Level 2.5 Shields
 + Level 2.5 Unarmed Combat
 + Level 0.6 Spellcasting
 + Level 0.4 Conjurations
 + Level 0.4 Hexes
 + Level 0.4 Charms
 + Level 0.4 Summonings
 + Level 0.4 Necromancy
 + Level 0.4 Translocations
 + Level 0.4 Transmutations
 + Level 0.4 Fire Magic
 + Level 0.4 Ice Magic
 + Level 0.4 Air Magic
 + Level 5.4 Earth Magic
 + Level 0.4 Poison Magic
 + Level 0.8 Invocations
 + Level 2.5 Evocations


You had 3 spell levels left.
You didn't know any spells.

Dungeon Overview and Level Annotations

Branches:
Dungeon (1/15)

Altars:


Innate Abilities, Weirdness & Mutations

Your experience applies equally to all skills.
You have very sharp teeth.
Your uncanny sense of smell can sniff out nearby items.


Message History

The goblin completely misses you.
You hit the rat.
The rat is heavily wounded.
The rat bites you. The goblin hits you but does no damage.
You closely miss the rat.
The rat is heavily wounded.
The rat bites you. The goblin hits you but does no damage.
You are too injured to fight recklessly!
You are too injured to fight recklessly!
You are too injured to fight recklessly!
You are too injured to fight recklessly!
You are too injured to fight recklessly!
You hit the rat.
You kill the rat!
The goblin misses you. The goblin hits you but does no damage.
You see here a rat corpse.
Save game and exit?
Okay, then.
Are you sure you want to abandon this character and quit the game? (Confirm with "yes".)

############ #.......?..#
#..........# ######
#..........# #....#
#..........# #.##.#
#..........# #.##)#
#........### #.#......
#........#########.#######
#........@................
#........g.....###.#######
#.........................
######...........#.#######
#.........#.#..######
#..>.................
#............#.######
####............#.#
###...............'.#


You could see a goblin.

Vanquished Creatures
  2 dart slugs (D:1)
  2 leopard geckos (D:1)
  A giant cockroach (D:1)
  3 goblins (D:1)
  3 hobgoblins (D:1)
  5 kobolds (D:1)
  3 bats (D:1)
  5 rats (D:1)
24 creatures vanquished.

Notes
Turn   | Place    | Note
-------+----------+-------------------------------------------
     0 | D:1      | Iskender the Gnoll Wanderer began the quest for the Orb.
     0 | D:1      | Iskender set off with: a +2 dagger, a potion of berserk rage, Akenkub's Compendium of Shape Shifting, a potion of lignification, a +0 robe, a bread ration
     0 | D:1      | Reached XP level 1. HP: 17/17 MP: 2/2
     0 | D:1      | Identified Akenkub's Compendium of Shape Shifting
    46 | D:1      | Reached XP level 2. HP: 23/23 MP: 3/3
   443 | D:1      | Reached XP level 3. HP: 2/28 MP: 4/4
   717 | D:1      | Quit the game

Vault maps used:
D:1:      shiori_shiawase

Action                   || total
-------------------------++-------
Melee: Dagger            ||    42
       Bite              ||     6
       Unarmed           ||    26
Throw: Stone             ||     7
 Stab: Sleeping          ||     9
Armor: Leather armour    ||    16
Dodge: Dodged            ||    19

Table legend:
 A = Spawn XP
 B = Non-spawn XP
 C = Spawn XP percentage of total XP
 D = Spawn monster count
 E = Non-spawn monster count
 F = Spawn count percentage of total count
 G = Total turns spent on level
                    A         B        C        D         E        F      G
               +---------+---------+-------+---------+---------+-------+---------
         Total |       0 |      45 |   0.0 |       0 |      24 |   0.0 |   717
               +---------+---------+-------+---------+---------+-------+---------
           D:1 |       0 |      45 |   0.0 |       0 |      24 |   0.0 |   717
               +---------+---------+-------+---------+---------+-------+---------
